 Dungeon Crawl Stone Soup version 0.25.1-2-g60ff931df9 (webtiles) character file.

Game seed: 12908981384049304669

1435199 gruber the Minotaur Barricade (level 27, -10/270 (273) HPs)
             Began as a Minotaur Fighter on Aug 22, 2020.
             Was the Champion of the Shining One.
             Killed by divine providence
             ... invoked by a greater mummy
              (11 damage)
             ... on level 2 of the Tomb of the Ancients on Aug 23, 2020.
             The game lasted 03:23:23 (124007 turns).

gruber the Minotaur Barricade (Minotaur Fighter)  Turns: 124007, Time: 03:23:23

HP:   -10/270 (273) AC: 57    Str: 31    XL:     27
MP:   37/47         EV: 25    Int:  7    God:    the Shining One [******]
Gold: 10337         SH: 46    Dex: 13    Spells: 54/69 levels left

rFire    + + +     SeeInvis +   Y - +8 mithril axe "Arga" {speed, MR+}
rCold    + + +     Gourm    .   E - +1 tower shield {reflect}
rNeg     + + +     Faith    .   o - +13 crystal plate armour
rPois    +         Spirit   .   k - +3 crown of Dyrovepreva {rElec Int+2 SInv}
rElec    +         Reflect  +   C - +1 cloak {rPois}
rCorr    .         Harm     .   q - +2 pair of gloves "Zazxot" {rC+ Int+2}
MR       +++++     Rnd*Rage +   s - +1 pair of boots "Vidoel" {rC+ MR+++ Int-3 Stlth+}
Stlth    ..........             G - amulet "Wezug" {Acrobat rF+++ Int-2 Slay+4}
HPRegen  0.00/turn              W - ring "Poyklimo" {rF+ rC+ rN+ Int+3}
MPRegen  0.30/turn              X - ring of Zin's Respect {EV+4 Slay+2}

@: lethally poisoned (-10 -> -28), divine shield, slowed, glowing, very slow
A: retaliatory headbutt, horns 2, thin skeletal structure 1, berserk 1,
deterioration 1, screaming 2, inhibited regeneration, weak 1, evolution 1,
subdued magic 2
}: 13/15 runes: serpentine, barnacled, silver, iron, obsidian, icy, bone,
abyssal, demonic, glowing, magical, fiery, dark
a: Divine Shield, Cleansing Flame, Summon Divine Warrior, Brand Weapon With Holy
Wrath, Renounce Religion


You were on level 2 of the Tomb of the Ancients.
You worshipped the Shining One.
The Shining One was exalted by your worship.
You were very full.

You visited 17 branches of the dungeon, and saw 83 of its levels.
You visited Pandemonium 1 time, and saw 19 of its levels.
You visited the Abyss 6 times.
You also visited: Sewer, Gauntlet and Desolation.

You collected 13402 gold pieces.
You spent 3065 gold pieces at shops.

Inventory:

Hand Weapons
 S - the +6 broad axe "Qun Avo" {antimagic, rPois}
   (Okawaru gifted it to you on level 10 of the Dungeon)

   It reduces the magical energy of the wielder, and disrupts the spells and
   magical abilities of those hit.
   Natural abilities and divine invocations are not affected.
   It protects you from poison.
 Y - the +8 mithril axe "Arga" (weapon) {speed, MR+}
   (You found it on level 3 of the Crypt)

   Attacks with this weapon are significantly faster.
   It affects your resistance to hostile enchantments.
Missiles
 r - 23 silver javelins (quivered)
Armour
 k - the +3 crown of Dyrovepreva (worn) {rElec Int+2 SInv}
   (You found it in the Desolation of Salt)

   It affects your intelligence (+2).
   It insulates you from electricity.
   It lets you see invisible.
 o - a +13 crystal plate armour (worn)
 q - the +2 pair of gloves "Zazxot" (worn) {rC+ Int+2}
   (Okawaru gifted it to you on level 4 of the Lair of Beasts)

   It affects your intelligence (+2).
   It protects you from cold.
 s - the +1 pair of boots "Vidoel" (worn) {rC+ MR+++ Int-3 Stlth+}
   (You acquired it in Pandemonium)

   It affects your intelligence (-3).
   It protects you from cold.
   It affects your resistance to hostile enchantments.
   It makes you more stealthy.
 C - a +1 cloak of poison resistance (worn)
 E - a +1 tower shield of reflection (worn)
Jewellery
 b - the ring of the Wary Spines {rF+ SInv Stlth+}
   (You found it in a Gauntlet)

   [ring of stealth]

   It protects you from fire.
   It lets you see invisible.
   It makes you more stealthy.
 l - an uncursed ring of protection from magic
 G - the amulet "Wezug" (around neck) {Acrobat rF+++ Int-2 Slay+4}
   (You found it on level 3 of the Elven Halls)

   [amulet of the acrobat]

   It helps you evade while moving and waiting.
   It affects your intelligence (-2).
   It affects your accuracy and damage with ranged weapons and melee attacks
   (+4).
   It renders you almost immune to fire.
 P - the amulet "Utagurowk" {Spirit *Corrode rC+ rN++ MP+9}
   (You found it in the Desolation of Salt)

   [amulet of guardian spirit]

   It causes incoming damage to be split between your health and magic.
   It protects you from cold.
   It greatly protects you from negative energy.
   It affects your magic capacity (+9).
   It may corrode you when you take damage.
 W - the ring "Poyklimo" (left hand) {rF+ rC+ rN+ Int+3}
   (You found it on level 2 of the Vaults)

   [ring of protection from cold]

   It affects your intelligence (+3).
   It protects you from fire.
   It protects you from cold.
   It protects you from negative energy.
 X - the ring of Zin's Respect (right hand) {EV+4 Slay+2}
   (You found it on level 3 of the Elven Halls)

   [ring of evasion]

   It affects your evasion (+4).
   It affects your accuracy and damage with ranged weapons and melee attacks
   (+2).
Wands
 g - a wand of polymorph (42)
 p - a wand of acid (33)
 J - a wand of iceblast (48)
 O - a wand of enslavement (17)
 Q - a wand of paralysis (42)
 T - a wand of digging (39)
 U - a wand of disintegration (54)
 V - a wand of flame (22)
Scrolls
 a - 4 scrolls of enchant armour
 c - 5 scrolls of amnesia
 e - a scroll of summoning
 j - 8 scrolls of blinking
 m - 36 scrolls of teleportation
 n - 36 scrolls of remove curse
 t - a scroll of holy word
 u - 9 scrolls of fog
 y - 9 scrolls of magic mapping
 F - 4 scrolls of enchant weapon
 I - 13 scrolls of fear
 K - 2 scrolls of brand weapon
 N - 35 scrolls of identify
 Z - a scroll of silence
Potions
 d - 8 potions of might
 h - 8 potions of magic
 i - 6 potions of berserk rage
 v - 12 potions of brilliance
 x - 19 potions of heal wounds
 z - 16 potions of flight
 A - 9 potions of resistance
 B - 9 potions of ambrosia
 D - 35 potions of curing
 H - 5 potions of cancellation
 L - 5 potions of mutation
 M - 4 potions of haste
 R - 17 potions of lignification
Comestibles
 f - 77 rations


   Skills:
 O Level 27 Fighting
 O Level 27 Axes
 O Level 27 Throwing
 O Level 27 Armour
 O Level 27 Dodging
 O Level 27 Shields
 * Level 21.8 Spellcasting
 - Level 8.4 Necromancy
 * Level 20.9 Translocations
 - Level 9.2 Earth Magic
 O Level 27 Invocations


You had 54 spell levels left.
You knew the following spells:

 Your Spells              Type           Power        Failure   Level  Hunger
a - Borgnjor's Vile Clut  Necr/Erth      ##........   13%         5    #####..
b - Blink                 Tloc           N/A          0%          2    None
c - Controlled Blink      Tloc           N/A          22%         8    #######

Your spell library contained the following spells:

 Spells                   Type           Power        Failure   Level  Hunger
 Apportation              Tloc           ###...       0%          1    None
 Gell's Gravitas          Tloc           ###.......   0%          3    None
 Lesser Beckoning         Tloc           ###.......   0%          3    None
 Teleport Other           Tloc           ###.....     0%          3    None
 Passage of Golubria      Tloc           N/A          0%          4    ###....
 Animate Skeleton         Necr           N/A          1%          1    None
 Pain                     Necr           ##..         1%          1    None
 Sandblast                Erth           ##....       1%          1    None
 Shroud of Golubria       Chrm/Tloc      ##....       1%          2    None
 Sublimation of Blood     Necr           ##........   1%          2    None
 Portal Projectile        Hex/Tloc       ##....       1%          3    None
 Recall                   Summ/Tloc      N/A          1%          3    None
 Vampiric Draining        Necr           ##........   1%          3    None
 Dispersal                Tloc           ###.......   1%          6    ######.
 Corpse Rot               Necr/Air       N/A          4%          2    None
 Animate Dead             Necr           N/A          4%          4    ###....
 Lee's Rapid Deconstruct  Erth           ##........   11%         5    #####..
 Agony                    Necr           ##......     16%         5    #####..
 Beastly Appendage        Tmut           #.....       19%         1    None
 Corona                   Hex            #......      19%         1    None
 Foxfire                  Conj/Fire      #...         19%         1    None
 Freeze                   Ice            #...         19%         1    None
 Magic Dart               Conj           #...         19%         1    None
 Shock                    Conj/Air       #...         19%         1    None
 Sting                    Tmut/Pois      #...         19%         1    None
 Summon Butterflies       Summ           #.......     19%         1    None
 Summon Small Mammal      Summ           #...         19%         1    None
 Disjunction              Tloc           ###.......   22%         8    #######
 Call Imp                 Summ           #.......     28%         2    None
 Poisonous Vapours        Pois/Air       #.....       28%         2    None
 Searing Ray              Conj           #.....       28%         2    None
 Slow                     Hex            #.......     28%         2    None
 Sticks to Snakes         Tmut           #.......     28%         2    None
 Swiftness                Chrm/Air       #.......     28%         2    None
 Leda's Liquefaction      Hex/Erth       #.........   28%         4    ###....
 Petrify                  Tmut/Erth      #.......     28%         4    ###....
 Call Canine Familiar     Summ           #.......     50%         3    None
 Confusing Touch          Hex            #.......     50%         3    None
 Conjure Flame            Conj/Fire      #.......     50%         3    None
 Dazzling Flash           Conj/Hex       #.....       50%         3    None
 Frozen Ramparts          Ice            #.....       50%         3    None
 Ignite Poison            Fire/Tmut/Pois #.......     50%         3    None
 Inner Flame              Hex/Fire       #.......     50%         3    None
 Mephitic Cloud           Conj/Pois/Air  #.......     50%         3    None
 Ozocubu's Armour         Chrm/Ice       #.......     50%         3    None
 Spider Form              Tmut/Pois      #.........   50%         3    None
 Static Discharge         Conj/Air       #.......     50%         3    None
 Summon Guardian Golem    Hex/Summ       #.......     50%         3    None
 Death Channel            Necr           ##........   67%         6    ######.
 Excruciating Wounds      Chrm/Necr      #.........   69%         5    #####..
 Bolt of Magma            Conj/Fire/Erth #.........   85%         5    #####..
 Airstrike                Air            #.........   90%         4    ###....
 Cause Fear               Hex            #.........   90%         4    ###....
 Fulminant Prism          Conj/Hex       #.........   90%         4    ###....
 Hailstorm                Conj/Ice       #.......     90%         4    ###....
 Ice Form                 Ice/Tmut       #.......     90%         4    ###....
 Olgreb's Toxic Radiance  Pois           #.......     90%         4    ###....
 Summon Ice Beast         Ice/Summ       #.......     90%         4    ###....
 Summon Lightning Spire   Summ/Air       #.......     90%         4    ###....
 Malign Gateway           Summ/Tloc      ##........   94%         7    #######
 Alistair's Intoxication  Tmut/Pois      #.......     99%         5    #####..
 Aura of Abjuration       Summ           #.........   99%         5    #####..
 Blade Hands              Tmut           #.........   99%         5    #####..
 Fireball                 Conj/Fire      #.........   99%         5    #####..
 Irradiate                Conj/Tmut      #.........   99%         5    #####..
 Iskenderun's Battlesphe  Conj/Chrm      #.......     99%         5    #####..
 Lightning Bolt           Conj/Air       #.........   99%         5    #####..
 Metabolic Englaciation   Hex/Ice        #.........   99%         5    #####..
 Silence                  Hex/Air        #.........   99%         5    #####..
 Summon Mana Viper        Hex/Summ       #.......     99%         5    #####..
 Yara's Violent Unravell  Hex/Tmut       #.........   99%         5    #####..
 Iron Shot                Conj/Erth      #.........   99%         6    ######.
 Simulacrum               Ice/Necr       #.........   99%         6    ######.
 Statue Form              Tmut/Erth      #........    99%         6    ######.
 Conjure Ball Lightning   Conj/Air       #.........   100%        6    ######.
 Eringya's Noxious Bog    Tmut/Pois      #.........   100%        6    ######.
 Freezing Cloud           Conj/Ice/Air   #.........   100%        6    ######.
 Hydra Form               Tmut           #.........   100%        6    ######.
 Ozocubu's Refrigeration  Ice            #.........   100%        6    ######.
 Starburst                Conj/Fire      #.........   100%        6    ######.
 Dragon Form              Tmut           #.........   100%        7    #######
 Haunt                    Necr/Summ      #.........   100%        7    #######
 Monstrous Menagerie      Summ           #.........   100%        7    #######
 Orb of Destruction       Conj           #.........   100%        7    #######
 Ring of Flames           Chrm/Fire      #.........   100%        7    #######
 Spellforged Servitor     Conj/Summ      #.........   100%        7    #######
 Summon Greater Demon     Summ           #.........   100%        7    #######
 Summon Hydra             Summ           #.........   100%        7    #######
 Borgnjor's Revivificati  Necr           ##........   100%        8    #######
 Chain Lightning          Conj/Air       #.........   100%        8    #######
 Death's Door             Chrm/Necr      #.........   100%        8    #######
 Discord                  Hex            #.........   100%        8    #######
 Ignition                 Fire           #.........   100%        8    #######
 Infestation              Necr           ##........   100%        8    #######
 Lehudib's Crystal Spear  Conj/Erth      #.........   100%        8    #######
 Necromutation            Tmut/Necr      #.........   100%        8    #######
 Summon Horrible Things   Summ           #.........   100%        8    #######
 Absolute Zero            Ice            #.........   100%        9    #######
 Fire Storm               Conj/Fire      #.........   100%        9    #######
 Tornado                  Air            #.........   100%        9    #######


Dungeon Overview and Level Annotations

Branches:
Dungeon (15/15)            Temple (1/1) D:4            Lair (6/6) D:8
 Shoals (4/4) Lair:4        Snake (4/4) Lair:3        Slime (0/5) Lair:6
    Orc (2/2) D:11            Elf (3/3) Orc:2        Vaults (5/5) D:14
  Crypt (3/3) Vaults:2       Tomb (2/3) Crypt:3      Depths (5/5) D:15
   Hell (visited)             Dis (7/7) Hell            Geh (7/7) Hell
    Coc (7/7) Hell            Tar (7/7) Hell            Zot (4/5) Depths:5
  Sewer (visited)         Desolation (visited)      Gauntlet (visited)

Altars:
Dithmenos
Elyvilon
Fedhas
Gozag
Hepliaklqana
Makhleb
Nemelex Xobeh
Okawaru
Ru
Sif Muna
Trog
Uskayaw
Vehumet
Wu Jian
Xom
Yredelemnul
The Shining One

Shops:
D:9 [   D:12 *   Orc:1 }   Orc:2 (?=[   Elf:2 :   Shoals:1 ?(   Shoals:3 :
Shoals:4 [   Snake:2 [   Snake:3 %*!(   Vaults:1 [   Vaults:2 =!(   Depths:3 }

Portals:
Hell: Depths:1 Depths:2 Depths:3 Depths:4 Depths:5
Abyss: Zot:3 Depths:3
Pandemonium: Depths:3
Ziggurat: Depths:3

Annotations:
Lair:3 exclusion: oklob plant
Snake:4 Roxanne
Vaults:1 3 runed translucent doors, deprived's ghost, veteran HOFi
Depths:4 exclusion: orange crystal statue
Zot:3 2 transporters, Boxuoxti's ghost, veteran MiMo


Innate Abilities, Weirdness & Mutations

You reflexively headbutt those who attack you in melee.
You have a pair of horns on your head.
You have a somewhat thin skeletal structure. (Dex +2, Stealth)
You tend to lose your temper in combat.
Your body sometimes deteriorates upon taking damage.
You sometimes yell uncontrollably at your foes.
You do not regenerate when monsters are visible.
You are weak. (Str -2)
You evolve.
Your spells are easier to cast, but less powerful.


Message History

Your angel hits the mummy priest with a +1 whip of holy wrath!
The mummy priest convulses!
Your angel hits the mummy priest with a +1 whip of holy wrath!
The mummy priest convulses!
The mummy priest is destroyed!
The Shining One accepts your kill.
The ettin simulacrum disappears in a puff of smoke!
The wraith disappears in a puff of smoke!
The flayed ghost disappears in a puff of smoke!
The mummy disappears in a puff of smoke!
The shadow wraith disappears in a puff of smoke!
You feel extremely nervous for a moment...
Pain shoots through your body! The Shining One protects you from harm!
Your daeva blocks the wraith's attack.
Your daeva blocks the hungry ghost's attack.
The ancient lich misses you.
The greater mummy gestures at you while chanting.
Something smites you!
You die...

..............M
.M............z .
#.^.W.M.........
..#...MW.)........
.....##MW††...##..
.).§.##WWM.M.^## .
.§§§A§.AM3......
..§..†§L§M......
##..§§§@○○°8L...
#...†sM.§..##..
.......†○§.## .
.............
####'######### M.
M^. ..^


You could see a greater mummy, an ancient lich (invisible), a lich, a mummy
priest, 4 guardian mummies, an ushabti (catching breath), a freezing wraith
(summoned), a sixfirhy (summoned), 2 hungry ghosts, a wraith (summoned), a death
scarab, a shadow (summoned, invisible), 4 mummies, a friendly daeva (summoned)
and a friendly angel (summoned).

Vanquished Creatures
  Cerebov (Pan)
  Asmodeus (Geh:7)
  Antaeus (Coc:7)
  Ereshkigal (Tar:7)
  Gloorx Vloq (Pan)
  Lom Lobon (Pan)
  Mnoleg (Pan)
  the Serpent of Hell (Tar:7)
  Dispater (Dis:7)
  4 ancient liches (Tar:7)
  A juggernaut (Depths:3)
  5 greater mummies
  Sojobo (Vaults:5)
  29 shard shrikes
  Margery (Depths:1)
  Bai Suzhen (Vaults:3)
  2 Killer Klowns (Zot:2)
  4 caustic shrikes
  14 pandemonium lords (Pan)
  Vashnia (Snake:4)
  Geryon (Hell)
  Nikola (Vaults:1)
  7 golden dragons
  A hellephant (Abyss:1)
  24 bone dragons
  2 electric golems
  10 iron giants
  57 Brimstone Fiends
  56 Tzitzimimeh
  26 doom hounds
  7 liches
  18 tentacled monstrosities
  Jorgrun (D:12)
  23 Ice Fiends
  21 Hell Sentinels
  19 titans
  4 deep elf blademasters
  6 quicksilver dragons
  10 deep elf master archers
  A kraken (Shoals:3)
  15 sphinxes
  8 death cobs
  Murray (Depths:1)
  15 tentacled starspawn
  33 Executioners
  20 ancient champions
  Gastronok (Lair:1)
  6 tengu reavers
  7 draconian monks
  36 shadow dragons
  10 storm dragons
  Ilsuiw (Shoals:2)
  10 deep elf sorcerers
  2 daevas (Abyss:1)
  11 nagarajas
  27 fire giants
  9 draconian knights
  3 revenants
  40 cacodemons
  15 iron dragons
  12 warmongers (Pan)
  7 draconian scorchers
  An imperial myrmidon (Desolation)
  7 deep elf elementalists
  31 frost giants
  An orc warlord (Vaults:5)
  Louise (Snake:4)
  A ghost moth (Zot:4)
  A juggernaut zombie (Depths:4)
  20 vault wardens
  50 balrugs
  Aizul (Snake:2)
  126 reapers
  15 ironheart preservers
  3 curse skulls
  7 draconian stormcallers
  2 angels (Abyss:3)
  10 draconian shifters
  7 ghouls
  4 elemental wellsprings
  2 ophanim
  14 blood saints (Pan)
  40 very ugly things
  2 spriggan defenders (Depths:3)
  10 draconian annihilators
  3 war gargoyles
  34 stone giants
  20 vampire knights
  11 black suns (Pan)
  3 deep elf demonologists
  17 black draconians
  3 entropy weavers
  21 green draconians
  14 white draconians
  12 red draconians
  21 lorocyprocas
  14 deep elf annihilators
  9 spark wasps
  17 purple draconians
  11 yellow draconians
  12 corrupters (Pan)
  A halazid warlock (Desolation)
  A minotaur (Gauntlet)
  A merfolk javelineer (Depths:3)
  2 crystal guardians (Desolation)
  Josephine (Orc:2)
  9 deep elf death magi
  9 mummy priests
  35 green deaths
  21 ettins
  16 yaktaur captains
  5 eidola
  66 blizzard demons
  3 fire dragons
  11 quicksilver dragon zombies
  14 merfolk impalers
  28 jiangshi
  10 deep elf high priests
  7 ragged hierophants (Desolation)
  10 great orbs of eyes
  2 kraken zombies
  The ghost of Pulso the Carver, a journeyman DrBe of Trog (D:9)
  9 naga warriors
  5 spriggan air magi
  29 ice dragons
  17 rakshasas
  11 quicksilver dragon skeletons
  5 hell beasts
  8 servants of whispers (Desolation)
  31 vault guards
  14 hydras
  11 monstrous demonspawn (Pan)
  10 peacekeepers (Desolation)
  12 centaur warriors
  A satyr (shapeshifter) (Depths:1)
  5 merfolk avatars
  5 ghost crabs
  8 merfolk aquamancers
  A catoblepas (shapeshifter) (Vaults:5)
  An alligator snapping turtle (Shoals:4)
  16 anacondas
  2 two-headed ogres (shapeshifter)
  4 death knights
  2 juggernaut simulacra (Pan)
  6 orc high priests
  39 two-headed ogres
  3 tengu warriors
  58 hell hogs
  20 vampire magi
  An alligator (Snake:2)
  27 dancing weapons
  2 satyrs
  11 ogre magi
  5 death yaks (Gauntlet)
  18 death scarabs
  17 titan zombies
  5 deep troll shamans
  28 thrashing horrors
  7 spriggan berserkers
  8 shock serpents
  7 naga sharpshooters
  5 deep troll earth magi
  127 hell knights
  87 soul eaters
  23 storm dragon zombies
  86 sun demons
  10 titan skeletons
  14 wretched stars
  32 deep elf knights
  26 iron golems
  Nergalle (D:12)
  38 sixfirhies
  12 storm dragon skeletons
  22 iron trolls
  27 shadow wraiths
  5 unseen horrors
  298 skeletal warriors
  9 ghost moth zombies
  3 spatial maelstroms
  A spark wasp zombie (Crypt:1)
  2 unseen horrors (shapeshifter)
  22 deep trolls
  3 death drakes
  15 sea snakes
  18 gelid demonspawn (Pan)
  11 infernal demonspawn (Pan)
  A kraken simulacrum (Coc:6)
  14 glowing orange brains
  46 shadow demons
  10 torturous demonspawn (Pan)
  26 anaconda zombies
  A spriggan druid (Depths:2)
  8 naga ritualists
  10 golden dragon zombies
  19 flayed ghosts
  19 deep elf archers
  An orange crystal statue (Abyss:5)
  6 tengu zombies
  24 ironbrand convokers
  A lindwurm (shapeshifter) (Vaults:5)
  A harpy (shapeshifter) (Vaults:3)
  12 anaconda skeletons
  102 large abominations
  12 harpies
  8 wizards
  46 phantasmal warriors
  11 golden dragon skeletons
  7 wolf spiders
  6 mana vipers
  16 wolf spider zombies
  69 deep elf magi
  25 stone giant zombies
  9 shadow dragon zombies
  18 iron dragon zombies
  7 moths of wrath
  A salamander (shapeshifter) (Vaults:1)
  13 fire giant zombies
  48 necromancers
  14 orc knights
  A sphinx zombie (Depths:1)
  A cyclops (shapeshifter) (Depths:4)
  4 tengu skeletons
  21 shadow dragon skeletons
  16 frost giant zombies
  42 ugly things
  8 orc sorcerers
  9 salamanders
  7 fauns
  A shining eye (shapeshifter) (Depths:2)
  A moth of wrath (shapeshifter) (Vaults:5)
  10 cyclopes
  A wolf spider (shapeshifter) (Vaults:5)
  5 worldbinders
  16 manticores
  A sphinx skeleton (Depths:2)
  A mana viper (shapeshifter) (Vaults:4)
  97 rust devils
  20 dire elephant zombies
  28 black mambas
  6 ice statues
  4 elephants (Lair:4)
  3 shock serpent zombies
  17 guardian serpents
  12 iron dragon skeletons
  Maurice (D:13)
  3 eyes of devastation (Abyss:3)
  16 frost giant skeletons
  16 naga magi
  17 fire giant skeletons
  2 centaur zombies
  71 smoke demons
  13 molten gargoyles
  5 spectral swamp worms (Depths:2)
  A black mamba (shapeshifter) (Abyss:2)
  A guardian serpent (shapeshifter) (D:14)
  11 merfolk sirens
  13 stone giant skeletons
  8 water nymphs
  Psyche (D:9)
  A gargoyle (D:14)
  An apocalypse crab (Abyss:3)
  A titan simulacrum (Tar:5)
  A torpor snail (Lair:6)
  16 vault sentinels
  4 emperor scorpion zombies
  A minotaur zombie (Gauntlet)
  91 hellions
  47 orange demons
  7 spiny frogs
  2 yaktaur zombies
  A red draconian zombie (Crypt:1)
  A spiny frog (shapeshifter) (Vaults:2)
  15 dire elephant skeletons
  A black draconian zombie (Crypt:1)
  A yaktaur (shapeshifter) (Vaults:1)
  4 catoblepas zombies
  7 swamp worm zombies (Crypt:3)
  3 rime drakes
  24 efreet
  22 hellwings
  2 kobold demonologists (Abyss:1)
  127 tormentors
  7 human skeletons
  36 demonic crawlers
  3 yaktaur skeletons
  5 komodo dragons
  A tengu conjurer (Depths:3)
  44 yaktaurs
  15 guardian mummies
  13 silent spectres
  65 freezing wraiths
  4 anaconda simulacra
  93 ice devils
  2 meliai (shapeshifter)
  35 hydra zombies
  A merfolk (shapeshifter) (Vaults:2)
  79 red devils
  17 ancient zymes
  4 harpy zombies
  20 wind drakes
  A wind drake (shapeshifter) (Depths:2)
  30 merfolk
  A queen bee (shapeshifter) (Depths:2)
  8 trolls
  27 hornets
  5 harpy skeletons
  3 catoblepas skeletons
  A hornet (shapeshifter) (D:15)
  A slime creature (shapeshifter) (Depths:3)
  7 polar bears
  12 fire dragon zombies
  2 shadow dragon simulacra
  74 saltlings
  7 dream sheep
  27 raiju
  8 ice dragon zombies
  18 hippogriffs
  33 slime creatures
  A meliai zombie (D:14)
  7 snapping turtles
  14 alligator zombies
  3 fire giant simulacra
  10 bog bodies
  24 ettin zombies
  A satyr zombie (Crypt:3)
  A centaur simulacrum (D:14)
  A hippogriff (shapeshifter) (Depths:2)
  2 frost giant simulacra
  10 blink frogs
  15 hydra skeletons
  Sigmund (D:4)
  57 shadows
  37 water elementals
  17 fire dragon skeletons
  253 flying skulls
  9 ice dragon skeletons
  2 shock serpent simulacra
  A spriggan (shapeshifter) (D:14)
  16 spriggans
  10 alligator skeletons
  A tarantella (shapeshifter) (D:14)
  2 air elementals
  49 starcursed masses
  18 ettin skeletons
  67 ynoxinuls
  7 black mamba zombies
  73 wraiths
  2 spriggan skeletons
  4 redbacks (Vaults:5)
  46 fire elementals
  3 wyverns
  23 vampires
  3 hogs (shapeshifter)
  Eustachio (D:4)
  A basilisk (Lair:4)
  36 yaks
  A basilisk (shapeshifter) (Vaults:2)
  34 chaos spawn
  7 fire bats
  5 ushabtiu (Tomb:1)
  4 black mamba skeletons
  4 spatial vortices (Abyss:2)
  5 vampire mosquitoes
  A yaktaur simulacrum (Depths:1)
  A human (shapeshifter) (Abyss:3)
  17 hungry ghosts
  A steam dragon (D:11)
  54 neqoxecs
  Menkaure (D:4)
  Edmund (D:5)
  2 torturous demonspawn zombies
  4 insubstantial wisps
  42 nagas
  3 merfolk zombies
  24 spiny frog zombies
  4 acid dragons
  5 swamp worms
  10 water moccasins
  5 wargs
  A soldier ant (D:10)
  133 hell hounds
  4 hydra simulacra
  5 porcupines
  11 spiny frog skeletons
  5 sky beasts
  A deep troll skeleton (Vaults:2)
  A floating eye (Depths:3)
  42 orc warriors
  A torturous demonspawn skeleton (Crypt:2)
  A black bear (shapeshifter) (Vaults:1)
  22 phantoms
  35 small abominations
  2 swamp dragon zombies
  16 ice beasts
  An ice dragon simulacrum (Crypt:2)
  8 black bears
  A hornet zombie (D:15)
  12 snapping turtle zombies
  2 eyes of draining (shapeshifter)
  5 manticore zombies
  62 necrophages
  2 alligator simulacra
  17 boggarts
  29 wolves
  36 ogres
  17 centaurs
  A torpor snail zombie (Crypt:1)
  11 snapping turtle skeletons
  4 manticore skeletons
  9 crocodiles
  5 orc skeletons
  A rime drake zombie (Crypt:2)
  7 big kobolds
  A swamp dragon skeleton (Tar:7)
  A hog skeleton (Crypt:1)
  A bullfrog (shapeshifter) (Crypt:3)
  An earth elemental (Abyss:3)
  3 elf zombies
  A glowing shapeshifter simulacrum (Depths:4)
  A water moccasin zombie (Crypt:1)
  14 bullfrogs
  A spiny frog simulacrum (Tar:4)
  A gelid demonspawn simulacrum (Hell)
  3 scorpions
  11 killer bees
  A troll skeleton (Hell)
  2 spriggan zombies
  162 wights
  5 electric eels
  5 howler monkeys
  17 jellies
  10 crimson imps
  A bullfrog zombie (Crypt:2)
  5 lava snakes (Snake:3)
  6 hounds
  2 quasits
  24 orc priests
  3 human simulacra
  3 human zombies
  An elf simulacrum (Crypt:2)
  Crazy Yiuf (D:3)
  2 bullfrog skeletons
  25 orc wizards
  4 centaur skeletons
  76 iron imps
  Jessica (D:3)
  5 worker ants
  An iguana (D:6)
  A hell rat (Crypt:3)
  An ogre zombie (Coc:5)
  A naga skeleton (Coc:5)
  3 naga zombies
  A dwarf skeleton (Crypt:3)
  2 ogre skeletons
  2 hound skeletons
  37 mummies
  A howler monkey zombie (Crypt:3)
  9 adders
  4 gnolls (D:4)
  A howler monkey skeleton (Crypt:3)
  A scorpion zombie (Crypt:1)
  26 shadow imps
  33 white imps
  6 ufetubi
  3 oozes
  3 adder zombies
  2 adder skeletons (D:6)
  4 worms
  A worm (shapeshifter) (D:9)
  3 dart slugs
  7 leopard geckos
  79 orcs
  9 giant cockroaches
  8 goblins
  11 hobgoblins
  13 jackals
  4 quokkas
  4 ball pythons
  6 bats
  6 frilled lizards
  A giant cockroach zombie (Crypt:2)
  A gnoll skeleton (Crypt:2)
  25 kobolds
  2 leopard gecko skeletons
  2 orc zombies
  A quokka skeleton (Crypt:1)
  12 rats
  A rat skeleton (Crypt:3)
  A spectral orc (D:9)
  5 crawling corpses
  3 fungi
  4 lurking horrors
  3 plants
  13 starspawn tentacles
  7 tentacles
7411 creatures vanquished.

Vanquished Creatures (collateral kills)
  A greater mummy (Tomb:2)
  An Ice Fiend (Coc:7)
  A mummy priest (Tomb:2)
  2 death scarabs (Tomb:2)
  A fire giant zombie (Dis:7)
  An elephant (Lair:4)
  A guardian mummy (Tomb:2)
  2 flying skulls (Tomb:2)
  A mummy (Tomb:2)
11 creatures vanquished.

Vanquished Creatures (others)
  A pandemonium lord (Pan)
  A tengu reaver (Vaults:5)
  A deep elf sorcerer (Vaults:5)
  A warmonger (Pan)
  A draconian annihilator (Pan)
  2 elemental wellsprings (Coc:7)
  A yellow draconian (Zot:1)
  A merfolk impaler (Abyss:4)
  A spriggan air mage (Pan)
  A vault guard (Vaults:5)
  7 hell hogs
  A titan zombie (Geh:7)
  A wretched star (Abyss:3)
  A shadow wraith (Tar:7)
  A manticore (Shoals:4)
  A black mamba (Snake:4)
  2 wind drakes (Pan)
  2 large abominations
  A shadow (Tar:3)
  A ynoxinul (Pan)
  3 golden eyes (Abyss:3)
  A chaos spawn (Pan)
  A hell hound (Geh:6)
  2 wights (Geh:5)
  2 iron imps
  2 small abominations (Abyss:3)
  An orc (Vaults:5)
  9 fungi
  4 lurking horrors
  8 plants
  21 starspawn tentacles
  9 tentacles
92 creatures vanquished.

Grand Total: 7514 creatures vanquished

Notes
Turn   | Place    | Note
-------+----------+-------------------------------------------
     0 | D:1      | gruber the Minotaur Fighter began the quest for the Orb.
     0 | D:1      | Reached XP level 1. HP: 19/19 MP: 0/0
    32 | D:1      | Reached XP level 2. HP: 24/26 MP: 1/1
   712 | D:2      | Reached XP level 3. HP: 31/31 MP: 2/2
   756 | D:2      | Found a blossoming altar of Fedhas.
   853 | D:2      | Found a bloodstained altar of Trog.
   868 | D:2      | Found an iron altar of Okawaru.
   911 | D:2      | Became a worshipper of Warmaster Okawaru
  1418 | D:3      | Reached XP level 4. HP: 39/39 MP: 3/3
  1426 | D:3      | Noticed Jessica
  1436 | D:3      | Killed Jessica
  1436 | D:3      | Reached skill level 5 in Armour
  1515 | D:3      | Found a runed translucent door.
  1516 | D:3      | Noticed Crazy Yiuf
  1736 | D:3      | Reached XP level 5. HP: 45/45 MP: 4/4
  1954 | D:3      | Killed Crazy Yiuf
  2381 | D:4      | Noticed Sigmund
  2388 | D:4      | Killed Sigmund
  2388 | D:4      | Reached * piety under Okawaru
  2388 | D:4      | Reached skill level 5 in Fighting
  2388 | D:4      | Reached XP level 6. HP: 56/56 MP: 5/5
  2405 | D:4      | Noticed Menkaure
  2408 | D:4      | Noticed Eustachio
  2411 | D:4      | Killed Menkaure
  2411 | D:4      | Reached XP level 7. HP: 35/64 MP: 6/6
  2417 | D:4      | Killed Eustachio
  2417 | D:4      | Reached ** piety under Okawaru
  2581 | D:4      | Found a hazy altar of Hepliaklqana.
  2582 | D:4      | Found a shimmering altar of Xom.
  2583 | D:4      | Noticed a spectral ugly thing
  2807 | D:4      | Found a staircase to the Ecumenical Temple.
  3003 | D:4      | Found an iron altar of Okawaru.
  3202 | D:4      | Found a white marble altar of Elyvilon.
  3449 | D:5      | Entered Level 5 of the Dungeon
  3893 | D:5      | Found a shimmering altar of Xom.
  3958 | D:5      | Found a hide-covered altar of Uskayaw.
  4024 | D:5      | Noticed Edmund
  4035 | D:5      | Killed Edmund
  4035 | D:5      | Reached XP level 8. HP: 78/78 MP: 7/7
  4078 | D:5      | Reached skill level 5 in Shields
  4237 | D:5      | Reached *** piety under Okawaru
  4739 | D:6      | Found an opulent altar of Gozag.
  4880 | D:6      | Reached XP level 9. HP: 80/83 MP: 8/8
  4883 | D:6      | Found a glowing drain.
  4904 | Sewer    | Entered a sewer
  5127 | Sewer    | Reached skill level 10 in Shields
  5229 | Sewer    | Reached **** piety under Okawaru
  5565 | D:6      | Found a shimmering blue altar of Sif Muna.
  6302 | D:8      | Found a staircase to the Lair.
  6571 | D:8      | Reached skill level 10 in Armour
  7107 | D:8      | Found a sacrificial altar of Ru.
  7300 | D:9      | Noticed a two-headed ogre
  7317 | D:9      | Killed a two-headed ogre
  7317 | D:9      | Reached ***** piety under Okawaru
  7317 | D:9      | Reached XP level 10. HP: 22/90 MP: 9/9
  7872 | D:9      | Noticed Psyche
  7880 | D:9      | Killed Psyche
  7881 | D:9      | Found an ornate altar of the Wu Jian Council.
  7988 | D:9      | Found a blossoming altar of Fedhas.
  7991 | D:9      | Found Ajuorosm's Antique Armour Boutique.
  8011 | D:9      | Bought a pair of boots for 144 gold pieces
  8262 | D:9      | Found a basalt altar of Yredelemnul.
  8391 | D:9      | Found a runed translucent door.
  8446 | D:9      | Found a shadowy altar of Dithmenos.
  8698 | D:9      | Noticed Pulso's ghost (journeyman DrBe)
  8716 | D:10     | Entered Level 10 of the Dungeon
  9220 | D:10     | Noticed a two-headed ogre
  9225 | D:10     | Killed a two-headed ogre
  9225 | D:10     | Received a gift from Okawaru
  9228 | D:10     | Got an ivory broad axe {god gift}
  9229 | D:10     | Identified the +6 broad axe "Qun Avo" {antimagic, rPois}
                  | (Okawaru gifted it to you on level 10 of the Dungeon)
  9359 | D:10     | Noticed a two-headed ogre
  9366 | D:10     | Killed a two-headed ogre
  9712 | D:10     | Reached XP level 11. HP: 96/96 MP: 3/10
  9788 | D:10     | Noticed a two-headed ogre
  9793 | D:10     | Killed a two-headed ogre
 10096 | D:11     | Noticed an eight-headed hydra
 10113 | D:11     | Killed an eight-headed hydra
 10119 | D:11     | Received a gift from Okawaru
 10131 | D:11     | Got a fading broad axe {god gift}
 10132 | D:11     | Identified the +11 broad axe of Deformation {vamp, Str+3
                  | Int+4} (Okawaru gifted it to you on level 11 of the
                  | Dungeon)
 10279 | D:11     | Found a staircase to the Orcish Mines.
 10283 | D:11     | Noticed a two-headed ogre
 10298 | D:11     | Killed a two-headed ogre
 10301 | D:11     | Reached skill level 10 in Axes
 10387 | D:11     | Noticed a green ugly thing
 10400 | D:11     | Killed a green ugly thing
 10855 | D:12     | Found Himehaim's Mayhem Merchandise.
 10917 | D:12     | Noticed a deep elf mage
 10918 | D:12     | Noticed a wizard
 10921 | D:12     | Killed a wizard
 10934 | D:12     | Identified Jizawec's Compendium of Plaster Cramp
 10945 | D:12     | Reached ****** piety under Okawaru
 10970 | D:12     | You fall into a shaft and drop 3 floors!
 10970 | D:15     | Entered Level 15 of the Dungeon
 10979 | D:15     | Noticed a wolf spider
 10984 | D:15     | Killed a wolf spider
 11017 | D:15     | Received a gift from Okawaru
 11690 | D:15     | Noticed a four-headed hydra
 11705 | D:15     | Killed a four-headed hydra
 11705 | D:15     | Reached XP level 12. HP: 103/103 MP: 8/11
 11740 | D:15     | Got a polished tower shield
 11763 | D:15     | Identified the cursed +0 tower shield "Efovomp" {Str+3}
                  | (You found it on level 15 of the Dungeon)
 12072 | D:15     | Noticed a two-headed ogre
 12080 | D:15     | Killed a two-headed ogre
 12214 | D:14     | Noticed a centaur warrior
 12224 | D:14     | Killed a centaur warrior
 12224 | D:14     | Received a gift from Okawaru
 12224 | D:14     | Reached skill level 15 in Axes
 12227 | D:14     | Got a dazzling rapier {god gift}
 12228 | D:14     | Identified the +7 rapier of Conservatism {vamp, rF+}
                  | (Okawaru gifted it to you on level 14 of the Dungeon)
 12645 | D:13     | Noticed Maurice
 12678 | D:13     | Killed Maurice
 12870 | D:13     | Noticed a centaur warrior
 12879 | D:13     | Killed a centaur warrior
 12965 | D:12     | Identified the Tome of Axaxaxas mlö
 12972 | D:12     | Identified the Catalogue of Combed Thunderclap
 13086 | D:12     | Noticed Nergalle
 13099 | D:12     | Killed Nergalle
 13468 | D:12     | Paralysed by a wizard for 7 turns
 13479 | D:12     | Received a gift from Okawaru
 13479 | D:12     | Reached XP level 13. HP: 110/110 MP: 12/12
 13556 | D:12     | Noticed Jorgrun
 13575 | D:12     | Killed Jorgrun
 14397 | D:14     | Received a gift from Okawaru
 14553 | D:14     | Noticed a fire dragon
 14567 | D:14     | Killed a fire dragon
 14620 | D:14     | Found a gate to the Vaults.
 14684 | D:14     | Received a gift from Okawaru
 15117 | D:15     | Noticed a fire dragon
 15127 | D:15     | Killed a fire dragon
 15132 | D:15     | Found a staircase to the Depths.
 15502 | Lair:1   | Entered Level 1 of the Lair of Beasts
 15674 | Lair:1   | Noticed Gastronok
 15683 | Lair:1   | Killed Gastronok
 15683 | Lair:1   | Reached XP level 14. HP: 110/117 MP: 13/13
 16885 | Lair:3   | Found a staircase to the Snake Pit.
 17000 | Lair:3   | Identified the Collected Works on Execration and Air
 17920 | Lair:4   | Found a staircase to the Shoals.
 18045 | Lair:4   | Received a gift from Okawaru
 18048 | Lair:4   | Got a pair of jewelled gloves {god gift}
 18059 | Lair:4   | Identified the +2 pair of gloves "Zazxot" {rC+ Int+2}
                  | (Okawaru gifted it to you on level 4 of the Lair of Beasts)
 18249 | Lair:4   | Reached skill level 15 in Shields
 19577 | Lair:6   | Entered Level 6 of the Lair of Beasts
 19643 | Lair:6   | Found a radiant altar of Vehumet.
 19668 | Lair:6   | Reached skill level 15 in Armour
 19753 | Lair:6   | Found a gate leading to a gauntlet.
 19760 | Gauntlet | Entered a Gauntlet
 19760 | Gauntlet | Found a transporter.
 19770 | Gauntlet | Found a transporter.
 19773 | Gauntlet | Found a transporter.
 19774 | Gauntlet | Found a transporter.
 19778 | Gauntlet | Found a runed translucent door.
 19778 | Gauntlet | Found a runed translucent door.
 19782 | Gauntlet | Found a transporter.
 19785 | Gauntlet | Found a transporter.
 19786 | Gauntlet | Found a transporter.
 19794 | Gauntlet | Found a transporter.
 19797 | Gauntlet | Found a transporter.
 19798 | Gauntlet | Found a transporter.
 19804 | Gauntlet | Found a runed translucent gate.
 19804 | Gauntlet | Found a runed translucent gate.
 19804 | Gauntlet | Noticed a cacodemon
 19805 | Gauntlet | Found a runed translucent gate.
 19806 | Gauntlet | Found a transporter.
 19809 | Gauntlet | Found a transporter.
 19810 | Gauntlet | Found a transporter.
 19823 | Gauntlet | Found a transporter.
 20010 | Gauntlet | Received a gift from Okawaru
 20063 | Gauntlet | Killed a cacodemon
 20063 | Gauntlet | Reached XP level 15. HP: 123/123 MP: 6/14
 20092 | Gauntlet | Got a shimmering brass ring
 20253 | Gauntlet | Got an ancient ivory amulet
 20400 | Lair:6   | Identified the ring of the Wary Spines {rF+ SInv Stlth+}
                  | (You found it in a Gauntlet)
 20488 | Lair:6   | Found a staircase to the Slime Pits.
 21318 | Orc:1    | Entered Level 1 of the Orcish Mines
 21843 | Orc:2    | Entered Level 2 of the Orcish Mines
 21847 | Orc:2    | Noticed Josephine
 21858 | Orc:2    | Killed Josephine
 21904 | Orc:2    | Found a staircase to the Elven Halls.
 22213 | Orc:2    | Received a gift from Okawaru
 22227 | Orc:2    | Identified the amulet of Sumei {RegenMP Str+4} (You found
                  | it in a Gauntlet)
 22335 | Orc:2    | Found Tiece's Magic Scroll Boutique.
 22335 | Orc:2    | Found Fawubb's Antique Weapon Shoppe.
 22337 | Orc:2    | Found Adeghio's Jewellery Shoppe.
 22337 | Orc:2    | Found Bovodd's Armour Boutique.
 22731 | Orc:1    | Found Moal's Gadget Shoppe.
 23063 | Snake:1  | Entered Level 1 of the Snake Pit
 24011 | Snake:2  | Noticed a nagaraja
 24021 | Snake:2  | Killed a nagaraja
 24349 | Snake:2  | Found Awyn's Antique Armour Shoppe.
 24351 | Snake:2  | Noticed a nagaraja
 24364 | Snake:2  | Killed a nagaraja
 24476 | Snake:2  | Bought an embroidered scarf for 368 gold pieces
 24497 | Snake:2  | Bought a pair of embroidered boots for 345 gold pieces
 24550 | Snake:2  | Noticed Aizul
 24570 | Snake:2  | Killed Aizul
 24570 | Snake:2  | Reached skill level 10 in Fighting
 25040 | Snake:2  | Reached XP level 16. HP: 134/135 MP: 15/15
 25582 | Snake:2  | Received a gift from Okawaru
 25974 | Snake:3  | Found Mycy's Weapon Shop.
 25983 | Snake:3  | Found Quitidoit's Distillery.
 25989 | Snake:3  | Found Widdi's Assorted Antiques.
 26036 | Snake:3  | Found Edir's Food Shoppe.
 26469 | Snake:3  | Received a gift from Okawaru
 26643 | Snake:4  | Entered Level 4 of the Snake Pit
 26733 | Snake:4  | Noticed Vashnia
 26778 | Snake:4  | Killed Vashnia
 26948 | Snake:4  | Reached skill level 15 in Fighting
 27044 | Snake:4  | Noticed Louise
 27046 | Snake:4  | Noticed Roxanne
 27066 | Snake:4  | Killed Louise
 27672 | Snake:4  | Received a gift from Okawaru
 27731 | Snake:4  | Reached XP level 17. HP: 159/159 MP: 8/16
 28148 | Snake:4  | Got a serpentine rune of Zot
 28630 | Vaults:1 | Entered Level 1 of the Vaults
 28732 | Vaults:1 | Found Dorinaal's Antique Armour Boutique.
 28986 | Vaults:1 | Found a runed translucent gate.
 28986 | Vaults:1 | Found a runed translucent gate.
 28986 | Vaults:1 | Noticed a tentacled monstrosity
 28987 | Vaults:1 | Found a runed translucent gate.
 28987 | Vaults:1 | Noticed a tentacled monstrosity
 28988 | Vaults:1 | Noticed a tentacled monstrosity
 29032 | Vaults:1 | Killed a tentacled monstrosity
 29032 | Vaults:1 | Received a gift from Okawaru
 29059 | Vaults:1 | Killed a tentacled monstrosity
 29068 | Vaults:1 | Killed a tentacled monstrosity
 29083 | Vaults:1 | Received a gift from Okawaru
 29083 | Vaults:1 | Reached XP level 18. HP: 170/179 MP: 17/17
 29121 | Vaults:1 | Found a runed translucent gate.
 29121 | Vaults:1 | Found a runed translucent gate.
 29124 | Vaults:1 | Found a runed translucent gate.
 29132 | Vaults:1 | Noticed deprived's ghost (veteran HOFi)
 29288 | Vaults:1 | Noticed Nikola
 29319 | Vaults:1 | Killed Nikola
 29704 | Vaults:1 | Received a gift from Okawaru
 30249 | Vaults:2 | Noticed a Hell Sentinel
 30300 | Vaults:2 | Received a gift from Okawaru
 30392 | Vaults:2 | Reached XP level 19. HP: 178/188 MP: 15/18
 30441 | Vaults:2 | Got a slimy tin ring
 30442 | Vaults:2 | Identified the ring "Poyklimo" {rF+ rC+ rN+ Int+3} (You
                  | found it on level 2 of the Vaults)
 30717 | Vaults:2 | Found Jamom's Jewellery Emporium.
 30793 | Vaults:2 | Found Qestrempa's Distillery.
 31296 | Vaults:2 | Received a gift from Okawaru
 31344 | Vaults:2 | Got a pitted broad axe {god gift}
 31345 | Vaults:2 | Identified the +3 broad axe "Ipoyzal" {vorpal, *Corrode rC+
                  | Dex+3 Stlth+} (Okawaru gifted it to you on level 2 of the
                  | Vaults)
 31644 | Vaults:2 | Found Ligicka's Antique Weapon Emporium.
 31975 | Vaults:2 | Found a staircase to the Crypt.
 32694 | Vaults:3 | Received a gift from Okawaru
 32768 | Vaults:3 | Noticed Bai Suzhen
 32783 | Vaults:3 | Killed Bai Suzhen
 33313 | Vaults:3 | Reached XP level 20. HP: 197/197 MP: 19/19
 33757 | Vaults:4 | Received a gift from Okawaru
 34809 | Vaults:5 | Entered Level 5 of the Vaults
 34824 | Vaults:5 | Noticed a golden dragon
 34833 | Vaults:5 | Received a gift from Okawaru
 34839 | Vaults:5 | Received a gift from Okawaru
 34880 | Vaults:5 | Killed a golden dragon
 34961 | Vaults:5 | Received a gift from Okawaru
 35212 | Vaults:5 | Reached XP level 21. HP: 203/203 MP: 20/20
 35249 | Vaults:5 | Received a gift from Okawaru
 35265 | Vaults:5 | Noticed Sojobo
 35270 | Vaults:5 | Cast into level 4 of the Abyss (tengu reaver)
 35353 | Vaults:5 | Escaped the Abyss
 35416 | Vaults:5 | Paralysed by a sphinx for 7 turns
 35487 | Vaults:5 | Killed Sojobo
 35615 | Vaults:5 | Got a silver rune of Zot
 35996 | Vaults:5 | Identified the +2 fire dragon scales of the Crypt {rF++ rC-
                  | rCorr Int-5 Dex+2}
 36007 | Vaults:5 | Received a gift from Okawaru
 36071 | Vaults:5 | Identified the Guide on Creative Talismans
 36409 | Vaults:5 | Reached skill level 1 in Dodging
 36883 | Depths:1 | Entered Level 1 of the Depths
 36884 | Depths:1 | Found a runed translucent door.
 37149 | Depths:1 | Reached skill level 5 in Dodging
 37287 | Depths:1 | Found a gateway to Hell.
 37287 | Depths:1 | Noticed Margery
 37304 | Depths:1 | Killed Margery
 37323 | Depths:1 | Reached XP level 22. HP: 212/212 MP: 21/21
 37845 | Depths:1 | Received a gift from Okawaru
 37973 | Depths:2 | Reached skill level 10 in Dodging
 38196 | Depths:2 | Noticed a caustic shrike
 38212 | Depths:2 | Killed a caustic shrike
 38232 | Depths:2 | Noticed a golden dragon
 38253 | Depths:2 | Killed a golden dragon
 38253 | Depths:2 | Received a gift from Okawaru
 38566 | Depths:2 | Gained mutation: You are dopey. (Int -2) [a shining eye]
 39467 | Depths:3 | Found a gateway to a ziggurat.
 39520 | Depths:3 | Reached skill level 15 in Dodging
 39574 | Depths:3 | Received a gift from Okawaru
 39575 | Depths:3 | Found the +15 Maxwell's patent armour {-Cast -Tele rElec
                  | MR+ rCorr}
 39664 | Depths:3 | Found a runed translucent door.
 39667 | Depths:3 | Found a runed translucent door.
 39667 | Depths:3 | Found a runed translucent door.
 39687 | Depths:3 | Reached XP level 23. HP: 216/219 MP: 22/22
 39847 | Depths:3 | Found a one-way gate to the infinite horrors of the Abyss.
 40188 | Depths:3 | Noticed a juggernaut
 40194 | Depths:3 | Paralysed by a floating eye for 4 turns
 40201 | Depths:3 | Killed a juggernaut
 40487 | Depths:3 | Found a one-way gate leading to the halls of Pandemonium.
 40738 | Depths:3 | Found Weerets's Gadget Emporium.
 41296 | Depths:4 | Received a gift from Okawaru
 42048 | Depths:5 | Entered Level 5 of the Depths
 42345 | Depths:5 | Noticed a caustic shrike
 42347 | Depths:5 | Noticed a caustic shrike
 42348 | Depths:5 | Noticed a caustic shrike
 42360 | Depths:5 | Killed a caustic shrike
 42365 | Depths:5 | Killed a caustic shrike
 42373 | Depths:5 | Killed a caustic shrike
 42555 | Depths:5 | Found a gate to the Realm of Zot.
 42572 | Depths:5 | Reached XP level 24. HP: 224/227 MP: 22/22
 42690 | Depths:5 | Received a gift from Okawaru
 42693 | Depths:5 | Got a smoking hat {god gift}
 42694 | Depths:5 | Identified the +2 hat of Disguise {Str+3} (Okawaru gifted
                  | it to you on level 5 of the Depths)
 43390 | Elf:1    | Entered Level 1 of the Elven Halls
 43465 | Elf:1    | Found a ruined gateway.
 43481 | Desolati | Entered the Desolation of Salt
 43601 | Desolati | Found the +3 crown of Dyrovepreva {rElec Int+2 SInv}
 43625 | Desolati | Got a scintillating marble ring
 43634 | Desolati | Identified the ring "Eciojoru" {+Inv +Fly rPois Str+4} (You
                  | found it in the Desolation of Salt)
 43834 | Desolati | Identified the Collected Works on Earthen Black Rites
 43837 | Desolati | Identified the Disquisition on Air and Toxins
 43840 | Desolati | Got a glittering ruby amulet
 43841 | Desolati | Identified the amulet "Utagurowk" {Spirit *Corrode rC+ rN++
                  | MP+9} (You found it in the Desolation of Salt)
 43846 | Desolati | Identified the Disquisition on Shifting Confrontation
 44049 | Desolati | Got a warped ivory ring
 44050 | Desolati | Identified the ring of the Thistle {Int+2 Slay+4} (You
                  | found it in the Desolation of Salt)
 45197 | Elf:1    | Received a gift from Okawaru
 45199 | Elf:1    | Identified the +2 leather armour of the Enchanted Forest
                  | {+Inv rCorr Int-2 SInv}
 45911 | Elf:2    | Found a huge runed translucent gate.
 45911 | Elf:2    | Found a huge runed translucent gate.
 45911 | Elf:2    | Found a huge runed translucent gate.
 45919 | Elf:2    | Found a huge runed translucent gate.
 45920 | Elf:2    | Found a huge runed translucent gate.
 46353 | Elf:2    | Found Wuwunimi's Book Emporium.
 46361 | Elf:2    | Bought a manual of Shields for 2208 gold pieces
 46375 | Elf:3    | Entered Level 3 of the Elven Halls
 47004 | Elf:3    | Received a gift from Okawaru
 47009 | Elf:3    | Reached XP level 25. HP: 246/246 MP: 22/22
 47017 | Elf:3    | Cast into level 2 of the Abyss (a deep elf sorcerer)
 47153 | Abyss:2  | Got a pair of fine boots
 47163 | Abyss:2  | Identified the +1 pair of boots of Intuition {rC+ MR+
                  | Stlth+} (You found it on level 2 of the Abyss)
 47357 | Abyss:2  | Gained mutation: You are weak. (Str -2) [a neqoxec]
 47698 | Elf:3    | Escaped the Abyss
 47748 | Elf:3    | Cast into level 3 of the Abyss (a deep elf sorcerer)
 47748 | Abyss:3  | Found a corrupted altar of Lugonu.
 48591 | Elf:3    | Escaped the Abyss
 48621 | Elf:3    | Got a steaming hat {god gift}
 48622 | Elf:3    | Identified the +2 hat of the Shining Light {Str+4} (Okawaru
                  | gifted it to you on level 3 of the Elven Halls)
 48664 | Elf:3    | Cast into level 3 of the Abyss (a deep elf sorcerer)
 48689 | Abyss:3  | Gained mutation: You are very dopey. (Int -4) [a neqoxec]
 48799 | Abyss:3  | Received a gift from Okawaru
 49206 | Elf:3    | Escaped the Abyss
 49225 | Elf:3    | Identified the +6 quarterstaff "Kuilaa Math" {freeze, rF++
                  | rN+}
 49372 | Elf:3    | Found the +7 pair of quick blades "Gyre" and "Gimble"
                  | {protect}
 49391 | Elf:3    | Got a brightly glowing graven amulet
 49392 | Elf:3    | Identified the amulet "Mileh" {Reflect +Inv +Fly Str-5
                  | Dex+3 SH+5} (You found it on level 3 of the Elven Halls)
 49405 | Elf:3    | Found the +5 scythe "Finisher" {speed, eviscerate}
 49418 | Elf:3    | Found the +7 Kryia's mail coat {PotionHeal*2 rC+}
 49425 | Elf:3    | Got a glittering marble ring
 49426 | Elf:3    | Identified the ring of Zin's Respect {EV+4 Slay+2} (You
                  | found it on level 3 of the Elven Halls)
 49455 | Elf:3    | Got a slimy crystal amulet
 49456 | Elf:3    | Identified the amulet "Wezug" {Acrobat rF+++ Int-2 Slay+4}
                  | (You found it on level 3 of the Elven Halls)
 50004 | Shoals:1 | Entered Level 1 of the Shoals
 50196 | Shoals:1 | Found Fif Mil's Weapon Shoppe.
 50308 | Shoals:1 | Found Xaruh's Magic Scroll Shoppe.
 50811 | Shoals:2 | Noticed Ilsuiw
 50833 | Shoals:2 | Killed Ilsuiw
 51669 | Shoals:3 | Found Adiud's Book Boutique.
 51820 | Shoals:3 | Reached XP level 26. HP: 244/260 MP: 22/22
 51915 | Shoals:4 | Entered Level 4 of the Shoals
 52047 | Shoals:4 | Received a gift from Okawaru
 52085 | Shoals:4 | Reached skill level 27 in Shields
 52105 | Shoals:4 | Found Doimn's Armour Boutique.
 52661 | Shoals:4 | Got a barnacled rune of Zot
 53432 | Zot:1    | Entered Level 1 of the Realm of Zot
 53437 | Zot:1    | Received a gift from Okawaru
 53458 | Zot:1    | Reached skill level 27 in Fighting
 53475 | Zot:1    | Reached skill level 1 in Invocations
 53576 | Zot:1    | Received a gift from Okawaru
 53598 | Zot:1    | Reached skill level 5 in Invocations
 54114 | Zot:1    | Found the +10 tower shield of Ignorance {rN+ Int-4}
 54170 | Zot:1    | Reached skill level 10 in Invocations
 54428 | Zot:2    | Received a gift from Okawaru
 54441 | Zot:2    | Reached XP level 27. HP: 272/272 MP: 30/31
 54944 | Zot:2    | Got a transparent turquoise ring
 55107 | Zot:2    | Identified the ring "Akleledi" {*Tele rElec Int-3 Slay+4}
                  | (You found it on level 2 of the Realm of Zot)
 55583 | Zot:3    | You fall into a shaft and drop 1 floor!
 55947 | Zot:3    | Noticed Boxuoxti's ghost (veteran MiMo)
 55947 | Zot:3    | Identified the ring of Uliypouli {rElec rF+++ rCorr Str+3
                  | Stlth-}
 55969 | Zot:3    | Found a transporter.
 55991 | Zot:3    | Found a transporter.
 56125 | Zot:1    | Learned a level 5 spell: Borgnjor's Vile Clutch
 56468 | Crypt:1  | Entered Level 1 of the Crypt
 56586 | Crypt:1  | Received a gift from Okawaru
 56586 | Crypt:1  | Reached skill level 1 in Earth Magic
 56588 | Crypt:1  | Reached skill level 1 in Necromancy
 57428 | Crypt:2  | Reached skill level 5 in Earth Magic
 57731 | Crypt:3  | Entered Level 3 of the Crypt
 57781 | Crypt:3  | Received a gift from Okawaru
 57809 | Crypt:3  | Reached skill level 5 in Necromancy
 58212 | Crypt:3  | Found a staircase to the Tomb.
 58575 | Crypt:3  | Found the +8 mithril axe "Arga" {speed, MR+}
 58590 | Crypt:3  | Found the +5 demon whip "Spellbinder" {antimagic, MR+}
 58634 | Crypt:3  | Received a gift from Okawaru
 59514 | Temple   | Entered the Ecumenical Temple
 59524 | Temple   | Fell from the grace of Okawaru
 59524 | Temple   | Became a worshipper of the Shining One
 60066 | Crypt:3  | Identified a scroll of acquirement
 60150 | Crypt:3  | Found a runed translucent gate.
 60151 | Crypt:3  | Found a runed translucent gate.
 60151 | Crypt:3  | Found a runed translucent gate.
 60351 | Crypt:3  | Reached * piety under the Shining One
 60391 | Tomb:1   | Entered Level 1 of the Tomb of the Ancients
 60441 | Tomb:1   | Reached ** piety under the Shining One
 60880 | Tomb:1   | Reached *** piety under the Shining One
 61427 | Hell     | Entered the Vestibule of Hell
 61427 | Hell     | Noticed Geryon
 61428 | Hell     | Reached **** piety under the Shining One
 61434 | Hell     | Noticed Murray
 61473 | Depths:1 | Killed Murray
 61657 | Hell     | Reached ***** piety under the Shining One
 61664 | Hell     | Killed Geryon
 62957 | Hell     | Found a gateway to the decaying netherworld of Tartarus.
 63003 | Hell     | Found a gateway to the freezing wastes of Cocytus.
 63013 | Hell     | Reached ****** piety under the Shining One
 63059 | Hell     | Found a gateway to the Iron City of Dis.
 63150 | Hell     | Found a gateway to the ashen valley of Gehenna.
 63227 | Tar:1    | Entered Level 1 of Tartarus
 66795 | Tar:3    | Reached skill level 27 in Armour
 68109 | Tar:4    | HP: 13/273 [purple draconian/bolt of dispelling energy[the
                  | fury of Okawaru] (21)]
 68817 | Tar:5    | Was forgiven by Okawaru
 70857 | Tar:6    | Reached skill level 27 in Dodging
 71683 | Dis:1    | Entered Level 1 of the Iron City of Dis
 72734 | Dis:1    | Reached skill level 27 in Axes
 72967 | Dis:1    | Reached skill level 1 in Throwing
 73383 | Dis:2    | Reached skill level 5 in Throwing
 74999 | Dis:3    | Reached skill level 10 in Throwing
 77475 | Dis:5    | Reached skill level 15 in Throwing
 77718 | Dis:6    | Found a burning altar of Makhleb.
 78642 | Geh:1    | Entered Level 1 of Gehenna
 78680 | Geh:1    | Learned a level 2 spell: Blink
 80363 | Geh:3    | Reached skill level 1 in Translocations
 80904 | Geh:3    | Reached skill level 5 in Translocations
 82462 | Geh:5    | Reached skill level 10 in Translocations
 83215 | Geh:5    | Reached skill level 1 in Spellcasting
 83869 | Geh:6    | Reached skill level 5 in Spellcasting
 85305 | Coc:1    | Entered Level 1 of Cocytus
 86233 | Coc:1    | Reached skill level 10 in Spellcasting
 91407 | Tar:7    | Entered Level 7 of Tartarus
 91588 | Tar:7    | Acquired a manual of Translocations
 91721 | Tar:7    | Noticed Ereshkigal
 91726 | Tar:7    | Noticed the Serpent of Hell
 91756 | Tar:7    | Killed the Serpent of Hell
 91789 | Tar:7    | Killed Ereshkigal
 91841 | Tar:7    | Noticed an ancient lich
 91850 | Tar:7    | Killed an ancient lich
 91885 | Tar:7    | Gained mutation: Your spells are a little easier to cast,
                  | but a little less powerful. [a neqoxec]
 92001 | Tar:7    | Got a flickering brass ring
 92064 | Tar:7    | Noticed an ancient lich
 92065 | Tar:7    | Noticed an ancient lich
 92078 | Tar:7    | Killed an ancient lich
 92083 | Tar:7    | Noticed an ancient lich
 92089 | Tar:7    | Killed an ancient lich
 92108 | Tar:7    | Killed an ancient lich
 92126 | Tar:7    | Reached skill level 27 in Throwing
 92240 | Tar:7    | Got a bone rune of Zot
 92345 | Tar:7    | Identified the Incunabulum of Augmentations and
                  | Transformation
 92350 | Tar:7    | Identified the ring "Geleph" {rElec rN+} (You found it on
                  | level 7 of Tartarus)
 92909 | Tar:7    | Reached skill level 15 in Translocations
 93613 | Dis:7    | Entered Level 7 of the Iron City of Dis
 93984 | Dis:7    | Reached skill level 15 in Invocations
 94089 | Dis:7    | Identified the Grimoire of Ashen Displacement
 94104 | Dis:7    | Learned a level 8 spell: Controlled Blink
 94128 | Dis:7    | Identified Waiggef's Disquisition on Heat
 95872 | Dis:7    | Identified the +4 staff of Dispater
 95872 | Dis:7    | Noticed Dispater
 95899 | Dis:7    | Killed Dispater
 95956 | Dis:7    | Got an iron rune of Zot
 96258 | Geh:7    | Entered Level 7 of Gehenna
 97867 | Geh:7    | Identified the +7 sceptre of Asmodeus
 97867 | Geh:7    | Noticed Asmodeus
 97908 | Geh:7    | Killed Asmodeus
 98021 | Geh:7    | Got an obsidian rune of Zot
 98617 | Coc:7    | Entered Level 7 of Cocytus
 99433 | Coc:7    | Identified Xaghous's Intricacies of Sorcery
 99757 | Coc:7    | Identified the +7 spear "Bisto" {venom, +Rage Int+3}
 99757 | Coc:7    | Noticed Antaeus
 99801 | Coc:7    | Killed Antaeus
 99953 | Coc:7    | Got a crude kite shield
 99954 | Coc:7    | Identified the +5 kite shield of the Journeyman {Str+4}
                  | (You found it on level 7 of Cocytus)
 99965 | Coc:7    | Got an icy rune of Zot
100448 | D:9      | Killed Pulso's ghost
100712 | Depths:3 | Voluntarily entered the Abyss.
101138 | Abyss:1  | Gained mutation: You do not regenerate when monsters are
                  | visible. [a neqoxec]
101582 | Abyss:2  | Gained mutation: Your body sometimes deteriorates upon
                  | taking damage. [a neqoxec]
101584 | Abyss:2  | Lost mutation: Your body sometimes deteriorates upon taking
                  | damage. [potion of mutation]
101584 | Abyss:2  | Lost mutation: You are weak. (Str -2) [potion of mutation]
101584 | Abyss:2  | Lost mutation: You are very dopey. (Int -4) [potion of
                  | mutation]
101584 | Abyss:2  | Lost mutation: You are dopey. (Int -2) [potion of mutation]
101584 | Abyss:2  | Gained mutation: You evolve. [potion of mutation]
101584 | Abyss:2  | Gained mutation: You are partially covered in thin metallic
                  | scales. (AC +2) [potion of mutation]
102070 | Abyss:2  | Gained mutation: You are robust. (+10% HP) [evolution]
102076 | Abyss:2  | Found a shimmering blue altar of Sif Muna.
102221 | Abyss:2  | Gained mutation: Scrolls take you a little longer to read.
                  | [a neqoxec]
102238 | Abyss:3  | Found an iron altar of Okawaru.
102638 | Abyss:4  | Lost mutation: You are robust. (+10% HP) [a neqoxec]
102837 | Abyss:5  | Entered Level 5 of the Abyss
103068 | Abyss:5  | Reached skill level 27 in Invocations
103096 | Abyss:5  | Got an abyssal rune of Zot
103101 | Depths:3 | Escaped the Abyss
103390 | Pan      | Entered Pandemonium
103701 | Pan      | Gained mutation: You are clumsy. (Dex -2) [a cacodemon]
103710 | Pan      | Lost mutation: You are partially covered in thin metallic
                  | scales. (AC +2) [potion of mutation]
103710 | Pan      | Lost mutation: Your spells are a little easier to cast, but
                  | a little less powerful. [potion of mutation]
103710 | Pan      | Lost mutation: You are clumsy. (Dex -2) [potion of
                  | mutation]
103710 | Pan      | Gained mutation: You are robust. (+10% HP) [potion of
                  | mutation]
103776 | Pan      | Noticed Soteosh the pandemonium lord
103795 | Pan      | Killed Soteosh the pandemonium lord
104344 | Pan      | Lost mutation: You are robust. (+10% HP) [a neqoxec]
104346 | Pan      | Lost mutation: You do not regenerate when monsters are
                  | visible. [potion of mutation]
104346 | Pan      | Lost mutation: Scrolls take you a little longer to read.
                  | [potion of mutation]
104346 | Pan      | Lost mutation: You evolve. [potion of mutation]
104346 | Pan      | Gained mutation: You have a somewhat thin skeletal
                  | structure. (Dex +2, Stealth) [potion of mutation]
104346 | Pan      | Gained mutation: You are robust. (+10% HP) [potion of
                  | mutation]
104373 | Pan      | Noticed Cibeghat the pandemonium lord
104389 | Pan      | Killed Cibeghat the pandemonium lord
105689 | Pan      | Gained mutation: Your body sometimes deteriorates upon
                  | taking damage. [a neqoxec]
106021 | Pan      | Noticed Ifemaeme the pandemonium lord
106028 | Pan      | Killed Ifemaeme the pandemonium lord
106736 | Pan      | Noticed Botimiq the pandemonium lord
106784 | Pan      | Killed Botimiq the pandemonium lord
106866 | Pan      | Got a demonic rune of Zot
107062 | Pan      | Found an exit through the horrors of the Abyss.
107354 | Pan      | Found an exit through the horrors of the Abyss.
107521 | Pan      | Noticed Jeorargh the pandemonium lord
107540 | Pan      | Reached skill level 15 in Spellcasting
107557 | Pan      | Killed Jeorargh the pandemonium lord
108055 | Pan      | Gained mutation: Your spells are a little easier to cast,
                  | but a little less powerful. [a neqoxec]
108320 | Pan      | Noticed Reowk the pandemonium lord
108334 | Pan      | Killed Reowk the pandemonium lord
108665 | Pan      | Noticed Dyiraenk the pandemonium lord
108680 | Pan      | Killed Dyiraenk the pandemonium lord
109758 | Pan      | Identified the +7 dagger "Wauwnant" {vamp, rF+ rC+ Str+5
                  | Stlth-}
110593 | Pan      | Noticed Wugori the pandemonium lord
110614 | Pan      | Killed Wugori the pandemonium lord
111939 | Pan      | Noticed Cocsoro the pandemonium lord
111946 | Pan      | Killed Cocsoro the pandemonium lord
112250 | Pan      | Got a shimmering turquoise ring
112330 | Pan      | Noticed Ohutzahiss the pandemonium lord
112342 | Pan      | Killed Ohutzahiss the pandemonium lord
112378 | Pan      | Found an exit through the horrors of the Abyss.
113321 | Pan      | Noticed Hiamek the pandemonium lord
113337 | Pan      | Killed Hiamek the pandemonium lord
113364 | Pan      | Identified the ring "Adwud" {*Tele Dex+6} (You found it in
                  | Pandemonium)
113967 | Pan      | Found an exit through the horrors of the Abyss.
114054 | Pan      | Noticed Piawn the pandemonium lord
114077 | Pan      | Killed Piawn the pandemonium lord
114783 | Pan      | Found an exit through the horrors of the Abyss.
114992 | Pan      | Noticed Ejidgh the pandemonium lord
115004 | Pan      | Killed Ejidgh the pandemonium lord
116437 | Pan      | Gained mutation: You do not regenerate when monsters are
                  | visible. [a cacodemon]
116438 | Pan      | Gained mutation: You are weak. (Str -2) [a cacodemon]
116515 | Pan      | Noticed Qiabriw the pandemonium lord
116539 | Pan      | Killed Qiabriw the pandemonium lord
117110 | Pan      | Entered the realm of Mnoleg.
117137 | Pan      | Gained mutation: You occasionally shout uncontrollably at
                  | your foes. [a neqoxec]
117165 | Pan      | Lost mutation: You are robust. (+10% HP) [a neqoxec]
117229 | Pan      | Gained mutation: You evolve. [a neqoxec]
117282 | Pan      | Noticed Mnoleg
117301 | Pan      | Killed Mnoleg
117446 | Pan      | Got a glowing rune of Zot
117621 | Pan      | Gained mutation: You tend to lose your temper in combat. [a
                  | cacodemon]
117627 | Pan      | Gained mutation: Your spells are easier to cast, but less
                  | powerful. [a cacodemon]
118251 | Pan      | Acquired the +1 pair of boots "Vidoel" {rC+ MR+++ Int-3
                  | Stlth+}
118542 | Pan      | Gained mutation: You sometimes yell uncontrollably at your
                  | foes. [a neqoxec]
118544 | Pan      | Noticed Woxiys the pandemonium lord
118579 | Pan      | Killed Woxiys the pandemonium lord
118649 | Pan      | Found an exit through the horrors of the Abyss.
119152 | Pan      | Entered the realm of Gloorx Vloq.
119469 | Pan      | Noticed Gloorx Vloq
119488 | Pan      | Killed Gloorx Vloq
120121 | Pan      | Got a dark rune of Zot
120416 | Pan      | Entered the realm of Cerebov.
120742 | Pan      | Identified the +6 sword of Cerebov {flame}
120742 | Pan      | Noticed Cerebov
120789 | Pan      | Killed Cerebov
121036 | Pan      | Identified Girgh's Foundations of Sorcery
121467 | Pan      | Got a sparkling golden amulet
121468 | Pan      | Identified the amulet "Fewyn" {Acrobat +Inv MR- Stlth+}
                  | (You found it in Pandemonium)
121528 | Pan      | Got an ancient bronze amulet
121529 | Pan      | Identified the amulet of Gin and Tonic {Faith rPois} (You
                  | found it in Pandemonium)
121573 | Pan      | Got a fiery rune of Zot
121684 | Pan      | Entered the realm of Lom Lobon.
121763 | Pan      | Noticed Lom Lobon
121778 | Pan      | Killed Lom Lobon
121944 | Pan      | Got a magical rune of Zot
122484 | Pan      | Found an exit through the horrors of the Abyss.
122655 | Pan      | Took an exit into the Abyss.
122655 | Abyss:1  | Escaped into the Abyss
122728 | Abyss:1  | Paralysed by accursed screaming for 1 turns
122875 | Depths:3 | Escaped the Abyss
123471 | Tomb:1   | Noticed a greater mummy
123481 | Tomb:1   | Killed a greater mummy
123502 | Tomb:1   | Noticed a greater mummy
123519 | Tomb:1   | Killed a greater mummy
123520 | Tomb:1   | Noticed a greater mummy
123526 | Tomb:1   | Killed a greater mummy
123990 | Tomb:2   | Noticed a greater mummy
123990 | Tomb:2   | Noticed a greater mummy
123995 | Tomb:2   | Noticed a greater mummy
123997 | Tomb:2   | Noticed an ancient lich
123999 | Tomb:2   | Noticed a greater mummy
124001 | Tomb:2   | Killed a greater mummy
124005 | Tomb:2   | Killed a greater mummy
124005 | Tomb:2   | HP: 9/270 [ushabti] (17)]
124006 | Tomb:2   | HP: 4/270 [greater mummy/divine providence (11)]
124007 | Tomb:2   | Killed a greater mummy
124007 | Tomb:2   | HP: 1/270 [mummy priest/divine providence (12)]
124007 | Tomb:2   | The Shining One protects you from harm!
124007 | Tomb:2   | Killed from afar by a greater mummy

Illustrated notes

Levels and vault maps discovered:
D:1:      dpeg_arrival_shrine, layout_loops_ring
D:2:      layout_rooms, grunt_temple_overflow_open, fedhas_altar_2
D:3:      layout_loops_ring, uniq_jessica, uniq_crazy_yiuf_cottage
D:4:      layout_loops_ring, regret_index_temple_of_mockery,
          lemuel_crystal_altar, minmay_temple_entry_glassed_door,
          kennysheep_okawaru_gauntlet, uniq_eustachio, uniq_sigmund,
          uniq_menkaure
D:5:      layout_basic, nicolae_overflow_crystal_walls, basic_altar,
          first_ration, hangedman_abyss_or_decor_jellyfish_corner, uniq_edmund
D:6:      layout_loops_cross, tgw_sif, grunt_gozag_breadcrumbs,
          portal_sewer_entry_d
D:7:      layout_cave_pools, minmay_misc_feat_cross
D:8:      nicolae_whirlpool, layout_basic, lemuel_coloured_pillars_altar,
          lair_entry_dummy
D:9:      layout_gridville, marbit_many_paths,
          yredelemnul_forgotten_temple_becter, kennysheep_little_box,
          lemuel_crystal_altar, ebering_ghost_inner_flame, serial_shops,
          nicolae_shop_waterfront, uniq_psyche
D:10:     layout_irregular_city, serial_bayou, serial_bayou_pond_d,
          serial_bayou_shore_b, serial_bayou_pond_e, serial_bayou_pond_e,
          serial_bayou_lake_a
D:11:     layout_cave_pools, orc_0_dummy
D:12:     layout_roguey, minmay_shop_mayhem, hangedman_pestilent_swarm,
          bh_hangedman_babel_library, uniq_nergalle, uniq_jorgrun
D:13:     minmay_spotlight, layout_grid_maze, serial_glass, glass_columns_a,
          glass_columns_b, drop_trap, uniq_maurice
D:14:     layout_irregular_city, david_vaults_4, minivault_25
D:15:     grunt_enter_depths_hoard, layout_basic,
          hangedman_decor_clover_reticule, worms_lemuel
Temple:   compressed_dpeg_triangle_lava_temple
Lair:1:   layout_roguey, lemuel_fruit_tree, uniq_gastronok
Lair:2:   layout_chaotic_city, grunt_megastairs_5, infiniplex_staircase_pool,
          lemuel_fruit_fields
Lair:3:   layout_cave_pods, minmay_snake_entry_guardpost_small,
          infiniplex_staircase_pool_2, minmay_lair_oklob_chamber
Lair:4:   layout_long_grid, minmay_shoals_entry_beasts, beast_lair_carwin_9
Lair:5:   layout_concentric_octagons, grunt_megastairs_1
Lair:6:   minmay_lair_end_enchanted_forest, layout_loops_ring,
          minmay_slime_entry_jelly_boxes, basic_altar, gauntlet_entry_generic,
          nicolae_quartered_pool_super
Shoals:1: layout_shoals, serial_shops, shop, shop
Shoals:2: layout_shoals, uniq_ilsuiw
Shoals:3: layout_shoals, serial_shops, shop
Shoals:4: shoals_end_simple, layout_shoals, serial_shops, nicolae_shop_crystal
Snake:1:  layout_misc_corridors, serial_bayou_shore_a
Snake:2:  onia_ninara_swampy_vault, layout_cave_shapes, serial_shops,
          nicolae_shop_temple_entry_statues_fountains, drop_trap,
          grunt_megastairs_2, uniq_aizul
Snake:3:  layout_cave_town, serial_shops, shop_fountains, shop, st_stairs_3,
          nicolae_snake_lava_pool, minmay_shoptagon, serial_bayou_shore_b
Snake:4:  grunt_snake_rune_serpentine_throne, layout_cave_town, uniq_vashnia,
          uniq_roxanne, uniq_louise
Orc:1:    layout_diamond_mine, serial_shops, shop, mines2_lemuel
Orc:2:    grunt_orc_tribal_feast, layout_diamond_mine, uniq_josephine
Elf:1:    layout_geoelf_diagonals, portal_desolation_entry_nicolae_nacl,
          kennysheep_underground_church, billiards_dpeg
Elf:2:    layout_geoelf_grid, serial_shops, shop,
          serial_sigils_hangedman_scratch
Elf:3:    minmay_elf_hall_hex, layout_loops_corners
Vaults:1: ploomutoo_gammafunk_vaults_ghost_potion_laboratory,
          nicolae_vaults_rhombus_7, nicolae_vaults_border_crossing,
          ontoclasm_vaults_pinch, grunt_vaults_trifunnel,
          nicolae_vaults_twisting_passages, v_pattern_3, hangedman_vaults_pinch,
          grunt_vaults_hallway_short, nicolae_vaults_little_squares_1,
          v_rooms_4, vaults_room_pool, v_alt_pattern_1,
          nicolae_vaults_know_your_exits, vaults_dpeg_cross,
          layout_vaults_maze_bifur, serial_shops, shop_coins, uniq_nikola
Vaults:2: ontoclasm_vaults_spin, minmay_crypt_entry_skeletal_spiral,
          vaults_mumra_lcd, v_misc_23, nicolae_vaults_big_ls, st_greater_box_2,
          vaults_dpeg_ring, vaults_mumra_chevron,
          nicolae_vaults_yaktaur_gun_rack, dpeg_vaults_monster_row,
          vaults_room_fancy_cross, nicolae_vaults_network_barrier,
          hangedman_vaults_trim, nicolae_vaults_rhombus_5,
          layout_vaults_omnibox, serial_shops, shop, shop, shop
Vaults:3: ontoclasm_vaults_ligature, nicolae_vaults_angled_halls,
          nicolae_vaults_halls_meeting, vaults_mumra_chevron_long,
          ontoclasm_vaults_bender, ontoclasm_vaults_decontamination,
          grunt_vaults_swirl, grunt_vaults_focal, vaults_room_corners,
          nicolae_vaults_circle_grid_b, vaults_mumra_hex,
          hangedman_vaults_slice, nicolae_vaults_little_squares_6,
          layout_vaults_ring, uniq_bai_suzhen
Vaults:4: nicolae_vaults_ninety_degrees, v_misc_19,
          nicolae_vaults_diagonal_hallway_9, v_misc_14, nicolae_vaults_asterisk,
          layout_vaults_omnigrid
Vaults:5: uniq_sojobo
Crypt:1:  layout_chaotic_city
Crypt:2:  layout_basic
Crypt:3:  due_elkab, layout_chaotic_city, minivault_26, lemuel_dead_fish_pool,
          pandoras_box_mu
Tomb:1
Tomb:2
Depths:1: layout_twisted_cross, grunt_metal_band, minmay_parallelograms,
          kennysheep_path_1, minmay_hidden_floor, serial_bayou_shore_b
Depths:2: minmay_heptahexagon, layout_basic, pf_hell_entry_tar_river,
          hangedman_decor_lopped, st_stairs_2, kilobyte_rumbling_trees
Depths:3: minmay_the_grid_four_pointed_star
          [minmay_the_grid_triangle_9x9_wacky_v,
          minmay_the_grid_triangle_9x9_fully_insulated_deathbox,
          minmay_the_grid_triangle_9x9_limited_checkers,
          minmay_the_grid_triangle_9x9_from_above,
          minmay_the_grid_prize_diamond_cup], layout_gridlike, enter_ziggurat_b,
          abyss_entry, chequers_serial_rivers_room_a,
          grunt_pan_entry_in_and_out, grunt_hell_entry_dis_grunt, serial_shops,
          shop
Depths:4: minmay_inner_zag, layout_honeycomb, abyss_entry_crystal, hell_entry,
          minivault_16
Depths:5: grunt_zot_entry_bicorn, layout_gridlike, hell_entry
Hell
Dis:1:    layout_overlapping_boxes, hangedman_dis_chains,
          grunt_dis_stairs_iron_hall
Dis:2:    layout_chaotic_city, grunt_megastairs_3
Dis:3:    layout_regular_city
Dis:4:    layout_regular_city, evilmike_ambush [evilmike_ambush_outer_doors,
          evilmike_ambush_inner_pond]
Dis:5:    layout_gridville
Dis:6:    kennysheep_iron_temple, layout_gridville
Dis:7:    dis_st
Geh:1:    layout_gehenna_pools_box, hangedman_generic_boss_arena
Geh:2:    layout_gehenna_lava_caves
Geh:3:    layout_gehenna_pools_box
Geh:4:    layout_gehenna_lava_caves
Geh:5:    layout_gehenna_lava_caves, lemuel_elevator
Geh:6:    layout_gehenna_pools_box
Geh:7:    geh_hangedman
Coc:1:    layout_ice_bergs
Coc:2:    layout_cocytus_water_paths
Coc:3:    layout_cocytus_water_paths
Coc:4:    layout_cocytus_water_paths
Coc:5:    layout_ice_bergs
Coc:6:    layout_ice_bergs
Coc:7:    coc_grunt
Tar:1:    layout_grid_maze
Tar:2:    layout_catacombs
Tar:3:    layout_honeycomb, lemuel_elevator
Tar:4:    layout_honeycomb
Tar:5:    layout_catacombs, nicolae_tar_cuneiform_water
Tar:6:    layout_honeycomb
Tar:7:    tar_grunt_cathedral
Zot:1:    layout_cellular_growth
Zot:2:    grunt_zot_stairs_faceoff, layout_basic, st_single_dragon_hoard_2
Zot:3:    layout_misc_corridors, gammafunk_ghost_abyssal_escape
Zot:4:    layout_onion_interference, grunt_ministairs_8,
          hangedman_zot_diagonal_lockstep, st_stairs_14

Skill      XL: |  1  2  3  4  5  6  7  8  9 10 11 12 13 14 15 16 17 18 19 20 21 22 23 24 25 26 27 |
---------------+----------------------------------------------------------------------------------+-----
Armour         | 4 6 7 11 14 16 19 22 27 | 27.0
Axes           | 3 4 6 13 17 19 22 23 27 | 27.0
Fighting       | 5 6 9 10 16 20 21 24 26 27 | 27.0
Shields        | 4 9 10 12 16 19 23 26 27 | 27.0
Dodging        | 7 15 20 22 27 | 27.0
Invocations    | 12 27 | 27.0
Earth Magic    | 9 |  9.2
Necromancy     | 8 |  8.4
Throwing       | 27 | 27.0
Translocations | 20 | 20.9
Spellcasting   | 21 | 21.8

Action                   |  1- 3 |  4- 6 |  7- 9 | 10-12 | 13-15 | 16-18 | 19-21 | 22-24 | 25-27 || total
-------------------------+-------+-------+-------+-------+-------+-------+-------+-------+-------++-------
Melee: War axe           |   110 |    89 |   283 |   115 |       |       |       |       |       ||   597
       Headbutt          |    17 |    17 |    78 |   148 |   262 |   232 |   374 |   529 |  4469 ||  6126
       Broad axe         |       |       |       |   367 |   926 |   864 |  1255 |  1686 | 14521 || 19619
       Flail             |       |       |       |     9 |    68 |       |       |       |       ||    77
       Eveningstar       |       |       |       |       |    11 |     2 |       |       |       ||    13
Throw: Dart              |       |       |    14 |     2 |     1 |       |       |       |       ||    17
       Javelin           |       |       |       |       |       |       |     4 |       |   153 ||   157
 Cast: Blink             |       |       |       |       |       |       |       |       |    37 ||    37
       Controlled Blink  |       |       |       |       |       |       |       |       |     2 ||     2
Invok: Heroism           |       |       |       |     2 |    14 |    11 |    12 |     3 |     6 ||    48
       Finesse           |       |       |       |       |     2 |     2 |     2 |     1 |     2 ||     9
       Cleansing Flame   |       |       |       |       |       |       |       |       |    37 ||    37
       Divine Shield     |       |       |       |       |       |       |       |       |    10 ||    10
       Summon Divine War |       |       |       |       |       |       |       |       |     6 ||     6
Evoke: Wand              |       |       |       |     3 |       |       |       |       |       ||     3
  Use: Scroll            |       |       |     1 |    12 |    24 |     5 |     5 |     7 |    22 ||    76
       Potion            |       |       |       |       |       |       |     1 |       |    14 ||    15
 Stab: Paralysed         |       |       |       |     9 |       |       |       |       |       ||     9
       Distracted        |       |       |       |       |       |       |     3 |       |     1 ||     4
       Invisible         |       |       |       |       |       |       |     1 |       |       ||     1
       Petrifying        |       |       |       |       |       |       |       |       |     1 ||     1
       Petrified         |       |       |       |       |       |       |       |       |     1 ||     1
       Confused          |       |       |       |       |       |       |       |       |     3 ||     3
       Held in net/web   |       |       |       |       |       |       |       |       |     1 ||     1
  Eat: Chunk             |     2 |     3 |    19 |    21 |    36 |    10 |    24 |    30 |    89 ||   234
       Ration            |       |       |       |       |     1 |     2 |       |     1 |    54 ||    58
Armor: Scale mail        |    40 |    17 |    95 |       |       |       |       |       |       ||   152
       Plate armour      |       |       |    19 |   121 |       |       |       |       |       ||   140
       Crystal plate arm |       |       |       |    87 |   432 |   375 |   574 |   406 |  2225 ||  4099
Dodge: Dodged            |    22 |    22 |    60 |   106 |   232 |   221 |   246 |   339 |  3229 ||  4477
Block: Kite shield       |    95 |    53 |   299 |   447 |   858 |   509 |   667 |       |       ||  2928
       Reflection        |     7 |       |    26 |    19 |    25 |    51 |    57 |    81 |   230 ||   496
       Tower shield      |       |       |       |       |       |       |   153 |  1484 | 10261 || 11898
